 Dungeon Crawl Stone Soup version 0.26-a0-682-g294304f6e8 (webtiles) character file.

Game seed: 10510382710970949492

3127 jasper the Reanimator (level 9, -5/100 HPs)
             Began as a Gnoll Necromancer on Oct 20, 2020.
             Slain by a swamp worm (9 damage)
             ... on level 7 of the Dungeon.
             The game lasted 00:14:31 (8860 turns).

jasper the Reanimator (Gnoll Necromancer)           Turns: 8860, Time: 00:14:32

Health: -5/100     AC: 24    Str: 12 (14) XL:     9   Next: 92%
Magic:  11/19      EV:  2    Int: 20 (22) God:
Gold:   173        SH:  0    Dex: 13 (15) Spells: 8/21 levels left

rFire    . . .     SeeInvis +   F - +3 flail of Otze Zyts {holy, +Inv Str+4 SInv Stlth-}
rCold    . . .     Faith    .   (no shield)
rNeg     + + +     Spirit   .   (armour currently unavailable)
rPois    +         Reflect  .   (helmet currently unavailable)
rElec    .         Harm     .   (cloak currently unavailable)
rCorr    .         Rampage  .   (gloves currently unavailable)
MR       .....     NoTele   +   (boots currently unavailable)
Stlth    ++........             (no amulet)
HPRegen  0.26/turn              (no ring)
MPRegen  0.16/turn              (no ring)

@: tree-form, berserk cooldown, hasted, very quick
A: distributed training, rugged brown scales 1, strong nose
a: Evoke Invisibility


You were on level 7 of the Dungeon.
You were a tree.
You visited 2 branches of the dungeon, and saw 8 of its levels.

You collected 294 gold pieces.
You spent 121 gold pieces at shops.

Inventory:

Hand Weapons
 i - a +0 hand axe
 u - a +1 dagger of venom
 y - the +8 hunting sling "Fodeynt" {freeze, rElec}
   (You found it on level 4 of the Dungeon)

   It causes projectiles fired from it to freeze those they strike, causing
   extra injury to most foes and up to half again as much damage against
   particularly susceptible opponents.
   They can also slow down cold-blooded creatures.
   It insulates you from electricity.
 F - the +3 flail of Otze Zyts (weapon) {holy, +Inv Str+4 SInv Stlth-}
   (You found it on level 5 of the Dungeon)

   It has been blessed by the Shining One to cause great damage to the undead
   and demons.
   It affects your strength (+4).
   It lets you see invisible.
   It lets you turn invisible.
   It makes you less stealthy.
Missiles
 c - 94 arrows
 d - 206 stones
 g - 12 boomerangs (quivered)
 k - 2 throwing nets
 x - 2 poisoned darts
Armour
 a - a +0 robe
 v - a +1 helmet of intelligence (melded)
 D - a +2 robe of magic resistance (melded)
Jewellery
 J - a cursed amulet of inaccuracy {unknown}
Wands
 E - a wand of iceblast (1)
Scrolls
 b - a scroll of fog {unknown}
 j - 3 scrolls of identify {unknown}
 q - a scroll of blinking {unknown}
 r - 2 scrolls of teleportation {unknown}
 s - 3 scrolls of remove curse {unknown}
 t - 2 scrolls of immolation {unknown}
 w - a scroll of magic mapping {unknown}
 z - a scroll of enchant weapon {unknown}
 A - a scroll of enchant armour {unknown}
 B - a scroll of amnesia {unknown}
 H - a scroll of silence {unknown}
 K - a scroll of noise {unknown}
Potions
 e - 2 potions of degeneration
 l - 2 potions of haste
 o - a potion of stabbing {unknown}
 p - 2 potions of brilliance
 C - 2 potions of berserk rage
 G - a potion of ambrosia {unknown}


   Skills:
 + Level 4.7 Fighting
 + Level 4.7 Short Blades
 + Level 4.7 Long Blades
 + Level 4.7 Axes
 + Level 4.7 Maces & Flails
 + Level 4.7 Polearms
 + Level 4.7 Staves
 + Level 4.7 Slings
 + Level 4.7 Bows
 + Level 4.7 Crossbows
 + Level 4.7 Throwing
 + Level 4.7 Armour
 + Level 6.6 Dodging
 + Level 6.3 Stealth
 + Level 4.7 Shields
 + Level 4.7 Unarmed Combat
 + Level 6.9 Spellcasting
 + Level 3.9 Conjurations
 + Level 3.9 Hexes
 + Level 3.9 Summonings
 + Level 8.2 Necromancy
 + Level 3.9 Translocations
 + Level 3.9 Transmutations
 + Level 3.9 Fire Magic
 + Level 3.9 Ice Magic
 + Level 3.9 Air Magic
 + Level 3.9 Earth Magic
 + Level 3.9 Poison Magic
 + Level 5.2 Invocations
 + Level 4.7 Evocations


You had 8 spell levels left.
You knew the following spells:

 Your Spells              Type           Power        Failure   Level
a - Pain                  Necr           ####         1%          1
b - Vampiric Draining     Necr           #####.....   1%          3
c - Animate Dead          Necr           #####.....   3%          4
d - Agony                 Necr           #####...     9%          5

Your spell library contained the following spells:

 Spells                   Type           Power        Failure   Level
 Animate Skeleton         Necr           #####.       1%          1


Dungeon Overview and Level Annotations

Branches:
Dungeon (7/15)             Temple (1/1) D:4

Altars:
Ashenzari
Dithmenos
Elyvilon
Fedhas
Gozag
Hepliaklqana
Kikubaaqudgha
Makhleb
Nemelex Xobeh
Okawaru
Qazlal
Ru
Sif Muna
Trog
Uskayaw
Vehumet
Wu Jian
Yredelemnul
Zin

Shops:
D:5 }   D:6 [

Annotations:
D:2 exclusion: downstairs
D:3 Sigmund
D:7 Prince Ribbit


Innate Abilities, Weirdness & Mutations

Your experience applies equally to all skills.
((You have very sharp teeth.))
Your uncanny sense of smell can sniff out nearby items.
((You have large cloven feet.))
(You are partially covered in rugged brown scales. (AC +1, +3% HP))


Message History

Confirm with . or Enter, or press ? or * to list all spells.
Okay, then.
Unknown command.
You feel better. The swamp worm bites you!
* * * LOW HITPOINT WARNING * * *
The swamp worm barely misses you.
You take 1 damage, and have 9/100 hp.
Okay, then.
Unknown command.
Evoke which item? (* to show all) (? for menu, Esc to quit)
Okay, then.
It was a potion of flight.
Your roots keep you in place.
The swamp worm bites you.
* * * LOW HITPOINT WARNING * * *
Prince Ribbit catches a millipede with his tongue.
You take 6 damage, and have 3/100 hp.
You feel yourself speed up.
You feel yourself speed up. The swamp worm bites you!
You die...

######..########....
c... #......## #.###
≈≈.. #.###### #...#
≈≈(..#.## ###>#
≈≈...#..## ##.#
≈≈....#..#### #...
≈≈.(.)##....# #.#.
≈>...Fc####.### #.##
.....#5w♣[#...# ..
####.####†).#.## .##
#. ###(#..# . #((#.#
. #.(.)..oY..
#((..###### ∆
#(..(.# #.#)..#
(<.(((#


You could see Prince Ribbit, a swamp worm, a centaur and a white imp.

Vanquished Creatures
  A water moccasin (D:7)
  2 orc warriors (D:7)
  A black bear (D:7)
  A phantom (D:7)
  4 sky beasts
  4 ogres
  2 centaurs
  Blork the orc (D:5)
  2 bullfrogs (D:7)
  A water moccasin zombie (D:7)
  A scorpion (D:4)
  5 wights (D:6)
  A howler monkey (D:5)
  2 jellies
  2 hounds
  6 orc wizards
  6 orc priests
  A hell rat (D:5)
  An iguana (D:6)
  5 worker ants
  A killer bee zombie (D:5)
  Robin (D:3)
  7 gnolls (D:4)
  16 adders
  6 river rats (D:5)
  2 shadow imps
  5 white imps
  An ufetubus (D:6)
  An adder zombie (D:7)
  An adder skeleton (D:5)
  3 worms
  4 dart slugs
  3 leopard geckos
  42 orcs
  4 ball pythons
  4 giant cockroaches
  18 goblins
  5 hobgoblins
  5 jackals
  4 kobolds
  6 quokkas
  8 bats
  7 frilled lizards
  A leopard gecko zombie (D:5)
  A quokka skeleton (D:7)
  38 rats
243 creatures vanquished.

Vanquished Creatures (collateral kills)
  A gnoll shaman (D:4)
  A gnoll (D:4)
  A goblin (D:3)
  2 hobgoblins (D:3)
5 creatures vanquished.

Vanquished Creatures (others)
  7 plants
7 creatures vanquished.

Grand Total: 255 creatures vanquished

Notes
Turn   | Place    | Note
-------+----------+-------------------------------------------
     0 | D:1      | jasper the Gnoll Necromancer began the quest for the Orb.
     0 | D:1      | Reached XP level 1. HP: 13/13 MP: 6/6
   436 | D:1      | Reached XP level 2. HP: 16/19 MP: 3/7
  1055 | D:1      | Reached XP level 3. HP: 24/25 MP: 9/9
  1060 | D:1      | Learned a level 3 spell: Vampiric Draining
  1122 | D:1      | Reached skill level 5 in Spellcasting
  1573 | D:2      | Reached skill level 1 in Invocations
  1687 | D:2      | Reached skill level 1 in Fighting
  1687 | D:2      | Reached skill level 1 in Short Blades
  1687 | D:2      | Reached skill level 1 in Long Blades
  1687 | D:2      | Reached skill level 1 in Axes
  1687 | D:2      | Reached skill level 1 in Maces & Flails
  1687 | D:2      | Reached skill level 1 in Polearms
  1687 | D:2      | Reached skill level 1 in Staves
  1687 | D:2      | Reached skill level 1 in Slings
  1687 | D:2      | Reached skill level 1 in Bows
  1687 | D:2      | Reached skill level 1 in Crossbows
  1687 | D:2      | Reached skill level 1 in Throwing
  1687 | D:2      | Reached skill level 1 in Armour
  1687 | D:2      | Reached skill level 1 in Shields
  1687 | D:2      | Reached skill level 1 in Unarmed Combat
  1687 | D:2      | Reached skill level 1 in Evocations
  1713 | D:2      | Found a hazy altar of Hepliaklqana.
  1716 | D:2      | Found a shimmering blue altar of Sif Muna.
  1719 | D:2      | Found a basalt altar of Yredelemnul.
  1783 | D:2      | You fall into a shaft and drop 1 floor!
  2043 | D:2      | Reached XP level 4. HP: 31/32 MP: 8/11
  2573 | D:2      | Reached skill level 1 in Conjurations
  2573 | D:2      | Reached skill level 1 in Hexes
  2573 | D:2      | Reached skill level 1 in Summonings
  2573 | D:2      | Reached skill level 1 in Translocations
  2573 | D:2      | Reached skill level 1 in Transmutations
  2573 | D:2      | Reached skill level 1 in Fire Magic
  2573 | D:2      | Reached skill level 1 in Ice Magic
  2573 | D:2      | Reached skill level 1 in Air Magic
  2573 | D:2      | Reached skill level 1 in Earth Magic
  2573 | D:2      | Reached skill level 1 in Poison Magic
  3111 | D:3      | Reached XP level 5. HP: 34/37 MP: 10/12
  3130 | D:3      | Learned a level 4 spell: Animate Dead
  3136 | D:3      | Learned a level 5 spell: Agony
  3401 | D:3      | Found an opulent altar of Gozag.
  3401 | D:3      | Noticed Robin
  3410 | D:3      | Killed Robin
  3825 | D:3      | Found an iron altar of Okawaru.
  3882 | D:3      | Reached XP level 6. HP: 39/44 MP: 11/13
  3940 | D:3      | Found a sacrificial altar of Ru.
  4100 | D:3      | Found a faded altar of an unknown god.
  4100 | D:3      | Noticed Sigmund
  4369 | D:4      | Found a staircase to the Ecumenical Temple.
  4408 | Temple   | Entered the Ecumenical Temple
  4467 | D:4      | Got a dazzling hunting sling
  4468 | D:4      | Identified the +8 hunting sling "Fodeynt" {freeze, rElec}
                  | (You found it on level 4 of the Dungeon)
  4508 | D:4      | Found a burning altar of Makhleb.
  4537 | D:4      | Reached skill level 5 in Dodging
  4758 | D:4      | Reached XP level 7. HP: 42/50 MP: 10/15
  4969 | D:4      | Found a hide-covered altar of Uskayaw.
  4982 | D:4      | Reached skill level 5 in Stealth
  5632 | D:5      | Entered Level 5 of the Dungeon
  5783 | D:5      | Reached XP level 8. HP: 57/57 MP: 13/16
  6118 | D:5      | Found Royxt's Gadget Boutique.
  6118 | D:5      | Noticed Blork the orc
  6134 | D:5      | Killed Blork the orc
  6241 | D:5      | Bought a wand of iceblast (7) for 121 gold pieces
  6508 | D:5      | Found the +2 ratskin cloak {*Rats rPois rN+ Str-1 Int-1
                  | Dex+1}
  6600 | D:5      | Got a steaming flail
  6601 | D:5      | Identified the +3 flail of Otze Zyts {holy, +Inv Str+4 SInv
                  | Stlth-} (You found it on level 5 of the Dungeon)
  7239 | D:6      | Reached XP level 9. HP: 49/65 MP: 18/18
  7589 | D:6      | Found a white marble altar of Elyvilon.
  7974 | D:6      | Found Edimp's Armour Boutique.
  8180 | D:6      | Reached skill level 8 in Necromancy
  8802 | D:7      | Reached skill level 5 in Invocations
  8816 | D:7      | Noticed Prince Ribbit
  8836 | D:7      | Gained mutation: You have large cloven feet. [potion of
                  | mutation]
  8836 | D:7      | Gained mutation: You are partially covered in rugged brown
                  | scales. (AC +1, +3% HP) [potion of mutation]
  8859 | D:7      | HP: 3/100 [swamp worm (6)]
  8860 | D:7      | Slain by a swamp worm

Illustrated notes

Levels and vault maps discovered:
D:1:      minmay_arrival_three_doors, layout_basic
D:2:      layout_loops_ring, grunt_temple_overflow_diamond, minmay_rat_hole
D:3:      layout_basic, kennysheep_okawaru_gauntlet, lemuel_crystal_altar,
          lemuel_round_altar, chequers_ecumenical_altar_simple_redux,
          corexii_shack, st_stairs_6, uniq_robin, uniq_sigmund
D:4:      layout_cave_pods, eat_drink_and_be_merry_uskayaw,
          lightli_temple_of_fire, minmay_temple_entry_drinking_statues
D:5:      wander_guarded_unrand_ratskin, layout_loops_corners, serial_shops,
          nicolae_shop_statue_plus, uniq_blork_the_orc
D:6:      layout_basic, lemuel_crystal_altar, serial_shops,
          kennysheep_mini_moat, chequers_jeans
D:7:      layout_rooms, worms_lemuel, uniq_prince_ribbit1
Temple:   eino_temple_lava

Skill      XL: |  1  2  3  4  5  6  7  8  9 |
---------------+----------------------------+-----
Spellcasting   | 5 6 |  6.9
Invocations    | 1 2 3 4 5 |  5.2
Fighting       | 1 2 3 4 |  4.7
Short Blades   | 1 2 3 4 |  4.7
Long Blades    | 1 2 3 4 |  4.7
Axes           | 1 2 3 4 |  4.7
Maces & Flails | 1 2 3 4 |  4.7
Polearms       | 1 2 3 4 |  4.7
Staves         | 1 2 3 4 |  4.7
Slings         | 1 2 3 4 |  4.7
Bows           | 1 2 3 4 |  4.7
Crossbows      | 1 2 3 4 |  4.7
Throwing       | 1 2 3 4 |  4.7
Armour         | 1 2 3 4 |  4.7
Shields        | 1 2 3 4 |  4.7
Unarmed Combat | 1 2 3 4 |  4.7
Evocations     | 1 2 3 4 |  4.7
Conjurations   | 1 2 3 |  3.9
Hexes          | 1 2 3 |  3.9
Summonings     | 1 2 3 |  3.9
Translocations | 1 2 3 |  3.9
Transmutations | 1 2 3 |  3.9
Fire Magic     | 1 2 3 |  3.9
Ice Magic      | 1 2 3 |  3.9
Air Magic      | 1 2 3 |  3.9
Earth Magic    | 1 2 3 |  3.9
Poison Magic   | 1 2 3 |  3.9
Dodging        | 5 6 |  6.6
Stealth        | 5 6 |  6.3
Necromancy     | 8 |  8.2

Action                   |  1- 3 |  4- 6 |  7- 9 || total
-------------------------+-------+-------+-------++-------
Melee: Unarmed           |     2 |       |       ||     2
       Bite              |     7 |     5 |       ||    12
       Hand axe          |    43 |    51 |       ||    94
       Dagger            |       |    38 |       ||    38
       Flail             |       |       |    20 ||    20
 Fire: Hunting sling     |       |    27 |   316 ||   343
Throw: Stone             |    13 |       |       ||    13
       Boomerang         |     2 |    26 |       ||    28
 Cast: Pain              |    40 |    77 |    27 ||   144
       Animate Dead      |       |     2 |       ||     2
Evoke: Wand              |       |       |     6 ||     6
  Use: Potion            |       |       |    12 ||    12
 Stab: Sleeping          |     3 |     6 |       ||     9
Armor: Robe              |     4 |    17 |     8 ||    29
       Skin              |       |       |    29 ||    29
Dodge: Dodged            |    40 |   127 |    70 ||   237

Table legend: (Time is in decaauts)
 A = Elapsed time spent in this place.
 B = Non-inter-level travel time spent in this place.
 C = Inter-level travel time spent in this place.
 D = Time resting spent in this place.
 E = Time spent auto-exploring this place.
 F = Levels seen in this place.
 G = Mean time per level.
                   A        B        C        D        E       F      G
               +--------+--------+--------+--------+--------+-----+--------+
         Total |   8906 |   8641 |    265 |   1564 |   5664 |   8 | 1113.2 |
       Dungeon |   8858 |   8597 |    261 |   1564 |   5621 |   7 | 1265.4 |
        Temple |     48 |     44 |      4 |      0 |     43 |   1 |   48.0 |
               +--------+--------+--------+--------+--------+-----+--------+

Top non-repeatable levels by time:
     D:3: 1568 daAuts
     D:1: 1512 daAuts
     D:4: 1426 daAuts
     D:5: 1280 daAuts
     D:6: 1276 daAuts
     D:2: 1117 daAuts
     D:7: 675 daAuts
  Temple: 48 daAuts
